[Event "Late-Titled-Tuesday-Blitz-March-26-2024"]
[Site "Chess.com"]
[Date "2024.03.26"]
[Round "7"]
[White "artooon"]
[Black "baki83"]
[Result "0-1"]
[WhiteElo "3012"]
[BlackElo "2913"]
[TimeControl "180+1"]
[EndTime "15:17:48 PDT"]
[Termination "baki83 won by resignation"]

1. e4 c5 2. Nf3 d6 3. d4 cxd4 4. Nxd4 Nf6 5. Bd3 Nc6 6. Nxc6 bxc6 7. O-O g6 8. f4 Bg7 9. Nc3 O-O 10. Kh1 a5 11.
Qe1 Ba6 12. f5 Nd7 13. Qh4 Ne5 14. Bxa6 Rxa6 15. Bg5 Ra7 16. Ne2 a4 17. Rad1 Re8 18. Bh6 Bf6 19. Qh3 Qb6 20. b3 axb3 21. axb3 Ra2 22.
fxg6 hxg6 23. Nd4 c5 24. Nf5 gxf5 25. Qg3+ Kh7 26. Rxf5 Kxh6 27. Rxe5 Bxe5 28. Qg4 Qa6 29. h4 Ra1 30. Qg5+ Kh7 31. Qh5+ Kg8 32. Rb1 Rxb1+ 0-1

[Event "Late-Titled-Tuesday-Blitz-March-26-2024"]
[Site "Chess.com"]
[Date "2024.03.26"]
[Round "7"]
[White "vladoboch"]
[Black "Korchmar_Vasiliy"]
[Result "0-1"]
[WhiteElo "2490"]
[BlackElo "2696"]
[TimeControl "180+1"]
[EndTime "15:17:48 PDT"]
[Termination "Korchmar_Vasiliy won on time"]

1. a3 h6 2. b4 a6 3. Bb2 Nf6 4. e3 g6 5. Nf3 b5 6. a4 bxa4 7. Rxa4 Bb7 8. c4 Bg7 9. Be2 O-O 10. O-O d5 11. c5 Nc6 12. d4 Ne4 13.
Nc3 Qd7 14. Qa1 f5 15. Qa2 e6 16. Ra1 Rfb8 17. Nxe4 fxe4 18. Nd2 Kh7 19. Bc3 e5 20. Nb3 Rf8 21. Bxa6 Bxa6 22. Rxa6 Rxa6 23. Qxa6 exd4 24. Nxd4 Ne5 25. Qe6 Qd8 26. Qh3 Qf6 27. Ra2 Nd3 28. Qe6 Qg5 29. h4 Qxh4 30. Qxd5 Rxf2 31. Rxf2 Qxf2+ 32.
Kh2 Be5+ 0-1

[Event "Late-Titled-Tuesday-Blitz-March-26-2024"]
[Site "Chess.com"]
[Date "2024.03.26"]
[Round "7"]
[White "secretsuperstar7"]
[Black "MPCandelario"]
[Result "0-1"]
[WhiteElo "2503"]
[BlackElo "2669"]
[TimeControl "180+1"]
[EndTime "15:17:50 PDT"]
[Termination "MPCandelario won on time"]

1. c4 e6 2. Nc3 d5 3. e3 Nf6 4.
Nf3 Be7 5. b3 O-O 6. Bb2 b6 7.
Be2 Bb7 8. O-O c5 9. cxd5 Nxd5 10. d4 Nd7 11. Qd2 Rc8 12. Rfd1 Qc7 13. Rac1 Qb8 14.
Nxd5 Bxd5 15. e4 Bxe4 16. dxc5 Nxc5 17. b4 Bxf3 18. Bxf3 Na4 19. Ba1 b5 20. Qd7 Bg5 21. Rxc8 Rxc8 22. Bc6 Rd8 23. Qxd8+ Bxd8 24. Be5 Bc7 25.
Bxc7 Qxc7 26. Rd7 Qc8 27. Bxb5 Nb6 28. Rd1 g6 29. h3 Nd5 30. a3 Qc2 31. Re1 Qd2 32.
Rf1 Nc3 0-1

[Event "Late-Titled-Tuesday-Blitz-March-26-2024"]
[Site "Chess.com"]
[Date "2024.03.26"]
[Round "7"]
[White "MyDream003"]
[Black "nabukatnezarr"]
[Result "1-0"]
[WhiteElo "2794"]
[BlackElo "2603"]
[TimeControl "180+1"]
[EndTime "15:17:54 PDT"]
[Termination "MyDream003 won on time"]

1. e4 e5 2. Nf3 Nc6 3. Bc4 Nf6 4. d3 Bc5 5. c3 d6 6. h3 a6 7. a4 Ba7 8. Bg5 h6 9. Bh4 Qe7 10. Nbd2 g5 11. Bg3 Bd7 12. b4 a5 13. b5 Nd8 14. Qc2 Ne6 15. Bxe6 fxe6 16. d4 exd4 17. cxd4 Rc8 18. Qb2 Nh5 19. Bh2 O-O 20. O-O Nf4 21.
Bxf4 Rxf4 22. Rac1 Qg7 23. g3 Rf7 24. e5 d5 25. Nh2 Bb6 26. Ng4 Rcf8 27. Nb3 h5 28.
Nf6+ Rxf6 29. exf6 Rxf6 30. Nc5 Bc8 31. Rfe1 h4 32. Kg2 Qf7 33. Re3 hxg3 34. Rxg3 Rg6 35. Re1 Qg7 36. Qd2 e5 37. Rxe5 Bxc5 38. Rexg5 Bf5 39. dxc5 Be4+ 40. f3 1-0

[Event "Late-Titled-Tuesday-Blitz-March-26-2024"]
[Site "Chess.com"]
[Date "2024.03.26"]
[Round "7"]
[White "frequentblunders"]
[Black "dianamirza"]
[Result "1-0"]
[WhiteElo "2212"]
[BlackElo "1983"]
[TimeControl "180+1"]
[EndTime "15:17:54 PDT"]
[Termination "frequentblunders won by resignation"]

1. d3 d5 2. f4 c6 3. Nf3 g6 4.
Nbd2 Bg7 5. g3 Bg4 6. Bg2 Bxf3 7. Nxf3 Nd7 8. e4 e5 9. O-O Ne7 10. Nh4 O-O 11. f5 gxf5 12. Nxf5 Nxf5 13. Rxf5 Nc5 14. Be3 d4 15. Bg5 f6 16. Bd2 Ne6 17. Qg4 Kh8 18. Raf1 Rg8 19. h4 Bf8 20. Qf3 Be7 21.
Bh3 Ng7 22. Kh2 Qe8 23. Rxf6 Bxf6 24. Qxf6 Rf8 25. Qh6 Rxf1 26. Bxf1 Qg6 27. Bh3 Rf8 28. Qxg6 hxg6 29. Kg2 Nh5 30. Bb4 Rf7 31. Bd6 Nf6 32.
Bxe5 Kg7 33. Bxd4 b6 34. e5 Rd7 35. exf6+ Kf7 1-0

[Event "Late-Titled-Tuesday-Blitz-March-26-2024"]
[Site "Chess.com"]
[Date "2024.03.26"]
[Round "7"]
[White "nindjaxx8"]
[Black "ArchibaldCerveza29"]
[Result "1-0"]
[WhiteElo "2614"]
[BlackElo "2367"]
[TimeControl "180+1"]
[EndTime "15:17:55 PDT"]
[Termination "nindjaxx8 won by resignation"]

1. d4 Nf6 2. c4 g6 3. Nc3 Bg7 4. Nf3 O-O 5. Bf4 d6 6. e3 Nbd7 7. Be2 b6 8. O-O Bb7 9. Qc2 Nh5 10. Bg3 Nxg3 11. hxg3 c5 12. dxc5 bxc5 13. Rad1 Rb8 14. b3 Qa5 15. Nd5 Bxd5 16. Rxd5 Qc3 17. Qb1 Qb2 18. Qxb2 Bxb2 19. Rd2 Bc3 20. Rd3 Bf6 21. Rfd1 a5 22. Nd2 Ne5 23. Rd5 Bg7 24. Ne4 a4 25.
bxa4 Ra8 26. Nc3 Nc6 27. Nb5 Nb4 28. R5d2 Rxa4 29. a3 Nc6 30. f4 Rfa8 31. Kf2 Na5 32. Rc2 Nc6 33. Bf3 R8a6 34. Rb1 h6 35. Nc7 Rxa3 36.
Nxa6 Rxa6 37. Bxc6 Rxc6 38. Rb7 Bf6 39. Ra2 Kg7 40. Ra8 h5 41. e4 e6 42. Raa7 Bd4+ 43. Kf3 Kg8 44. Rxf7 Rb6 45. Rfb7 Rxb7 46. Rxb7 Bc3 47.
Rd7 1-0

[Event "Late-Titled-Tuesday-Blitz-March-26-2024"]
[Site "Chess.com"]
[Date "2024.03.26"]
[Round "7"]
[White "Blackmind96"]
[Black "YegoryoCh"]
[Result "0-1"]
[WhiteElo "2728"]
[BlackElo "2579"]
[TimeControl "180+1"]
[EndTime "15:17:57 PDT"]
[Termination "YegoryoCh won by resignation"]

1. d4 d5 2. c4 e6 3. Nc3 c6 4.
e4 dxe4 5. Nxe4 Bb4+ 6. Nc3 e5 7. a3 Ba5 8. Be3 exd4 9. Qxd4 Qxd4 10. Bxd4 Nf6 11.
O-O-O O-O 12. h3 Nbd7 13. Nge2 Bb6 14. Ng3 Bxd4 15. Rxd4 Nc5 16. Kc2 a5 17. b3 Be6 18.
Be2 b5 19. b4 axb4 20. axb4 Na4 21. Ra1 Nxc3 22. Rxa8 Rxa8 23. Kxc3 bxc4 24. Bxc4 Nd5+ 25. Bxd5 Bxd5 26. Rg4 Bxg2 27. Nf5 Bxh3 28. Rxg7+ Kf8 29. Rg5 f6 30. Rh5 Bg4 31. Rxh7 Ra3+ 32. Kb2 Bxf5 33.
Rc7 Ra6 34. Kc3 Ke8 35. Kd4 Bd7 36. Rb7 Ke7 37. f4 Ra2 38. Rb8 Rd2+ 39. Ke3 Rb2 40. Kd4 Kd6 41. Rf8 Rxb4+ 0-1

[Event "Late-Titled-Tuesday-Blitz-March-26-2024"]
[Site "Chess.com"]
[Date "2024.03.26"]
[Round "7"]
[White "misterlamine"]
[Black "carloseduar100"]
[Result "1-0"]
[WhiteElo "2475"]
[BlackElo "2252"]
[TimeControl "180+1"]
[EndTime "15:17:58 PDT"]
[Termination "misterlamine won by resignation"]

1. d4 d5 2. Nf3 c6 3. e3 a6 4. Be2 Nf6 5. O-O Bf5 6. Nbd2 Nbd7 7. b3 h6 8. Bb2 Qc7 9. c4 e6 10. Rc1 Bd6 11. a3 Ne4 12. b4 Nxd2 13. Qxd2 Bg4 14. h3 Bh5 15. b5 axb5 16. cxb5 O-O 17. bxc6 bxc6 18. Qc3 Rfc8 19. Rc2 Bxf3 20. Bxf3 c5 21. dxc5 Be5 22. Qb3 Bxb2 23. Qxb2 Nxc5 24. Rfc1 Qd6 25. Qb4 Rab8 26. Rxc5 Rxb4 27. Rxc8+ Kh7 28. axb4 Qxb4 29. R8c7 Kg6 30. Rd7 Qd2 31. Rcc7 Qe1+ 32. Kh2 Qxf2 33. Rxf7 Qxe3 34. Rxg7+ Kf6 35. Rcf7+ Ke5 36. Rg6 Kd6 37. Rff6 Qe5+ 38. g3 Qb2+ 39. Bg2 h5 40. Rxe6+ Kd7 41.
Rd6+ Ke7 42. Rxd5 h4 43. gxh4 Qb8+ 44. Rg3 Ke6 45. h5 Qf4 46. Rg5 Qh4 47. Rg6+ Kf5 48. h6 Qe7 49. R3g5+ Kf4 50. Rg4+ Ke3 51. Re4+ Qxe4 52.
Bxe4 1-0

[Event "Late-Titled-Tuesday-Blitz-March-26-2024"]
[Site "Chess.com"]
[Date "2024.03.26"]
[Round "7"]
[White "GodzillaChessYoutube"]
[Black "a_kandil"]
[Result "0-1"]
[WhiteElo "2686"]
[BlackElo "2525"]
[TimeControl "180+1"]
[EndTime "15:17:59 PDT"]
[Termination "a_kandil won on time"]

1. Nh3 d5 2. d4 g6 3. Nf4 Bg7 4. h4 h5 5. e3 Nf6 6. c4 O-O 7. Nc3 c5 8. cxd5 cxd4 9. Qxd4 Bf5 10. Qb4 a5 11. Qa3 Nbd7 12. Bb5 Nb6 13. Qb3 a4 14. Qd1 Ne4 15. Nxe4 Bxe4 16. Bd3 Bxd5 17. Nxd5 Qxd5 18. e4 Qd6 19. Qe2 Rfd8 20. Rh3 a3 21. Kf1 Nc4 22. Bxc4 Qd1+ 23. Qxd1 Rxd1+ 24. Ke2 Rg1 25. Rb3 axb2 26. Bxb2 Rxa1 27. Bxa1 Rxa2+ 28. Kf3 Rxa1 29.
Rxb7 Ra3+ 30. Ke2 Bf6 31. f4 Ra4 32. Bd5 e6 33. Bc6 Ra2+ 0-1

[Event "Late-Titled-Tuesday-Blitz-March-26-2024"]
[Site "Chess.com"]
[Date "2024.03.26"]
[Round "7"]
[White "titomagno_64"]
[Black "PapaieDudu"]
[Result "0-1"]
[WhiteElo "2301"]
[BlackElo "2434"]
[TimeControl "180+1"]
[EndTime "15:17:59 PDT"]
[Termination "PapaieDudu won by resignation"]

1. d4 d5 2. c4 e6 3. Nf3 Nf6 4.
g3 a6 5. c5 b6 6. cxb6 c6 7.
Nc3 Nbd7 8. Bg2 Nxb6 9. Ne5 Qc7 10. Bf4 Bd6 11. Rc1 Nh5 12. e4 Nxf4 13. gxf4 O-O 14.
exd5 exd5 15. O-O Be6 16. Qf3 g6 17. h4 Qe7 18. Qg3 Rac8 19. h5 f6 20. Nd3 Bf5 21.
Rfe1 Qg7 22. Nc5 gxh5 23. Qxg7+ Kxg7 24. Nxa6 Bxf4 25. Rcd1 Nc4 26. b3 Nb2 27. Re7+ Kg6 28. Ra1 Ra8 29. Nc5 Bd6 30. Bf3 Bxe7 31. Kh1 Bxc5 32.
Rg1+ Kh6 33. dxc5 Bg6 34. Ne2 Nd3 35. Rg3 Nxf2+ 36. Kg2 Ne4 37. Rh3 Ng5 0-1

[Event "Late-Titled-Tuesday-Blitz-March-26-2024"]
[Site "Chess.com"]
[Date "2024.03.26"]
[Round "7"]
[White "roxannyzoldyck"]
[Black "Christian_Jordan"]
[Result "1-0"]
[WhiteElo "2194"]
[BlackElo "2010"]
[TimeControl "180+1"]
[EndTime "15:18:00 PDT"]
[Termination "roxannyzoldyck won on time"]

1. e4 e6 2. d4 d5 3. e5 c5 4. c3 Qb6 5. Nf3 Bd7 6. Nbd2 cxd4 7. cxd4 Bb5 8. Bxb5+ Qxb5 9. Qe2 Qd7 10. O-O Nc6 11.
a3 Nge7 12. b4 Nf5 13. Qd3 Be7 14. Nb3 O-O 15. Nc5 Bxc5 16. dxc5 Rac8 17. Bd2 Nb8 18. Rac1 b6 19. cxb6 axb6 20. Nd4 Nxd4 21. Qxd4 Qb5 22.
h3 Nd7 23. f4 Qa4 24. Qd3 b5 25. Be3 Rc4 26. Bd4 Rfc8 27. Rxc4 Rxc4 28. f5 Qc2 29.
Qe3 exf5 30. e6 Nf8 31. e7 1-0

[Event "Late-Titled-Tuesday-Blitz-March-26-2024"]
[Site "Chess.com"]
[Date "2024.03.26"]
[Round "7"]
[White "stepanosinovsky"]
[Black "azikom"]
[Result "1-0"]
[WhiteElo "2389"]
[BlackElo "2615"]
[TimeControl "180+1"]
[EndTime "15:18:01 PDT"]
[Termination "stepanosinovsky won by resignation"]

1. e4 c6 2. d3 d5 3. Nd2 e5 4. Ngf3 f6 5. g3 dxe4 6. dxe4 Be6 7. Bc4 Bxc4 8. Nxc4 Qxd1+ 9. Kxd1 Na6 10. a4 O-O-O+ 11. Ke2 Bc5 12. c3 Ne7 13. b4 Bd6 14. Be3 Bb8 15.
b5 Nc7 16. b6 Na8 17. bxa7 Bc7 18. a5 Rd7 19. Nb6+ Bxb6 20. Bxb6 Ng6 21. Nd2 Nf8 22. Nb3 Ne6 23. Rhd1 Re8 24. Rxd7 Kxd7 25. Rd1+ Kc8 26. Nd2 Nec7 27. Nc4 Nb5 28. Rd3 Nac7 29. Kd2 Na8 30. Kc2 Nac7 31. Bc5 Na8 32. Nb6+ Nxb6 33. axb6 Nc7 34.
bxc7 Kxc7 35. Bd6+ Kb6 36. Bb8 1-0

[Event "Late-Titled-Tuesday-Blitz-March-26-2024"]
[Site "Chess.com"]
[Date "2024.03.26"]
[Round "7"]
[White "Felix-Rose"]
[Black "Kavyev_Ruslan"]
[Result "1-0"]
[WhiteElo "2270"]
[BlackElo "2382"]
[TimeControl "180+1"]
[EndTime "15:18:03 PDT"]
[Termination "Felix-Rose won on time"]

1. e4 c5 2. Nf3 Nc6 3. d4 cxd4 4.
Nxd4 Nf6 5. Nc3 e5 6. Ndb5 d6 7. Bg5 a6 8. Na3 b5 9. Nab1 Be7 10.
Bxf6 Bxf6 11. Nd5 Rb8 12. c3 Bg5 13. Na3 O-O 14. Nc2 Ne7 15. Ncb4 Qd7 16. Be2 Bb7 17.
O-O Nxd5 18. Nxd5 Bxd5 19. Qxd5 Rfc8 20. Rfd1 Rd8 21. Rd3 Be7 22. Rad1 Qa7 23. R1d2 Rdc8 24. Rf3 Bf8 25. Bd1 Rc5 26. Qd3 b4 27. Bb3 Rc7 28. cxb4 Rxb4 29. Rc2 Rd4 30. Rxc7 Qxc7 31. Qb1 Kh8 32.
Rxf7 Qb8 33. g3 h6 34. Qc2 Qd8 35. Qe2 Be7 36. Qg4 Bf6 37. Qg6 Qg8 38. Rxf6 1-0

[Event "Late-Titled-Tuesday-Blitz-March-26-2024"]
[Site "Chess.com"]
[Date "2024.03.26"]
[Round "7"]
[White "BilicVladimir"]
[Black "KuzubovYuriy"]
[Result "0-1"]
[WhiteElo "2652"]
[BlackElo "2915"]
[TimeControl "180+1"]
[EndTime "15:18:04 PDT"]
[Termination "KuzubovYuriy won by resignation"]

1. e4 g6 2. d4 Bg7 3. Nf3 d6 4. c3 Nc6 5. Bb5 a6 6. Ba4 b5 7.
Bb3 Nf6 8. Nbd2 O-O 9. O-O e5 10. a4 b4 11. a5 bxc3 12. bxc3 exd4 13. cxd4 Rb8 14. h3 Nh5 15. Bd5 Nxd4 16. Nxd4 Bxd4 17. Ra4 Bg7 18. Nf3 Bd7 19. Ra3 Nf6 20. Bg5 h6 21. Bh4 g5 22. Bg3 Re8 23. Re1 Nxd5 24. Qxd5 Qc8 25.
Nd4 Qb7 26. Qc4 Rxe4 27. Rxe4 Qxe4 28. Qxc7 Rb1+ 29. Kh2 Bxh3 30. Rf3 Rb7 31. Qd8+ Kh7 32. gxh3 Bxd4 33. Kg2 Rb3 0-1

[Event "Late-Titled-Tuesday-Blitz-March-26-2024"]
[Site "Chess.com"]
[Date "2024.03.26"]
[Round "7"]
[White "santosalberto1987"]
[Black "ernestina08chess"]
[Result "1-0"]
[WhiteElo "2518"]
[BlackElo "2254"]
[TimeControl "180+1"]
[EndTime "15:18:04 PDT"]
[Termination "santosalberto1987 won by checkmate"]

1. e4 c5 2. Nf3 d6 3. d4 cxd4 4. Nxd4 Nf6 5. Nc3 a6 6. Be3 e5 7. Nf3 Be7 8. Bc4 Be6 9. Bxe6 fxe6 10. O-O O-O 11. a4 Nc6 12. h3 d5 13. Bg5 d4 14.
Bxf6 Bxf6 15. Ne2 Rc8 16. Qd3 Nb4 17. Qb3 Nxc2 18. Rac1 d3 19. Rfd1 Nd4 20. Nexd4 exd4 21. Qxe6+ Kh8 22. Rxc8 Qxc8 23. Qxc8 Rxc8 24. Rxd3 Re8 25.
e5 Bxe5 26. Nxe5 Rxe5 27. Rxd4 h6 28. Rb4 b5 29. axb5 axb5 30. Kh2 Kh7 31. f4 Rc5 32. g4 g5 33. Kg3 Rd5 34. h4 Rd3+ 35. Kg2 Rd5 36. hxg5 hxg5 37. f5 Kg7 38. Kf3 Re5 39. Re4 Rc5 40. Re6 Rc2 41. Rg6+ Kf7 42. Rxg5 Rxb2 43.
Rg6 b4 44. Rb6 Rb1 45. Kf4 b3 46. Kg5 b2 47. Rb7+ Ke8 48. Kf6 Kd8 49. g5 Ra1 50. Rxb2 Ra6+ 51. Kg7 Ra7+ 52. Kh6 Ra6+ 53. g6 Ke7 54.
Re2+ Kf8 55. Kg5 Ra5 56. Kf6 Ra6+ 57. Re6 Ra8 58. Rb6 Kg8 59. g7 Rc8 60. Re6 Ra8 61. Re7 Ra6+ 62. Kg5 Ra5 63. Kg6 Ra1 64. Re8# 1-0

[Event "Late-Titled-Tuesday-Blitz-March-26-2024"]
[Site "Chess.com"]
[Date "2024.03.26"]
[Round "7"]
[White "FabianoCaruana"]
[Black "mbojan"]
[Result "0-1"]
[WhiteElo "3086"]
[BlackElo "2902"]
[TimeControl "180+1"]
[EndTime "15:18:06 PDT"]
[Termination "mbojan won by resignation"]

1. e4 c5 2. Nf3 e6 3. d4 cxd4 4.
Nxd4 a6 5. Nc3 b5 6. Bd3 Bb7 7. O-O Nc6 8. Nf3 Nge7 9. Re1 Ng6 10. a4 b4 11. Nd5 Bc5 12. Be3 Bxe3 13. Nxe3 O-O 14. Nc4 Qc7 15. Bf1 Nce5 16. Nfxe5 Nxe5 17. Qd6 Qxd6 18. Nxd6 Bc6 19. a5 Rfb8 20. f4 Ng6 21. g3 Kf8 22. Kf2 Ne7 23. b3 Nc8 24. Nc4 Ke7 25. Rad1 Bb5 26. Ne5 Ra7 27. Rd4 Rc7 28.
Bxb5 Rxb5 29. Re2 Rxa5 30. Rxb4 Nd6 31. Rd4 Nb5 32. Rd3 Nd6 33. c4 f6 34. Nf3 Ra3 35. Ke3 Nb7 36. Rb2 Nc5 37. Rc3 Rb7 38. Nd2 Na4 39. Rd3 Nxb2 0-1

[Event "Late-Titled-Tuesday-Blitz-March-26-2024"]
[Site "Chess.com"]
[Date "2024.03.26"]
[Round "7"]
[White "gorgeous1083"]
[Black "PNEPaul"]
[Result "1-0"]
[WhiteElo "2054"]
[BlackElo "1949"]
[TimeControl "180+1"]
[EndTime "15:18:06 PDT"]
[Termination "gorgeous1083 won on time"]

1. d4 a6 2. c4 d6 3. Nf3 g6 4. Nc3 Bg7 5. e4 h6 6. Be2 Nd7 7. Be3 e5 8. O-O Ne7 9. Qd2 f5 10. exf5 Nxf5 11. dxe5 Nxe3 12. Qxe3 dxe5 13. Rad1 O-O 14.
c5 c6 15. Bc4+ Kh7 16. Ne4 Qe7 17. Neg5+ Kh8 18. Ne6 Rxf3 19. Qxf3 Nxc5 20. Nxg7 Kxg7 21. Rfe1 Bf5 22. b4 Nd7 23. Qb3 b5 24. Bd3 Bxd3 25. Rxd3 Nb6 26. Red1 Nd5 27. a3 Rf8 28. Rg3 Nf4 29.
Qc2 Rd8 30. Re1 Re8 31. h3 Qf6 32. Rd1 Re7 33. Qe4 g5 34. Rc3 Nd5 35. Rxc6 Qxc6 36. Rxd5 Qc1+ 37. Kh2 Qxa3 38. Rd6 1-0

[Event "Late-Titled-Tuesday-Blitz-March-26-2024"]
[Site "Chess.com"]
[Date "2024.03.26"]
[Round "7"]
[White "AlexeiShirov"]
[Black "Durarbayli"]
[Result "0-1"]
[WhiteElo "2825"]
[BlackElo "2940"]
[TimeControl "180+1"]
[EndTime "15:18:09 PDT"]
[Termination "Durarbayli won by resignation"]

1. e4 e5 2. Nf3 Nc6 3. Bc4 Nf6 4. d3 h6 5. O-O d6 6. a4 g5 7. a5 Bg7 8. c3 O-O 9. Nbd2 Ne7 10. Ne1 c6 11. Nc2 d5 12. Bb3 Bg4 13. Qe1 Ng6 14. f3 Be6 15. g3 Re8 16. Ne3 Bf8 17. Kg2 Qd7 18. Rf2 Bc5 19. Bc2 a6 20. Nb3 Ba7 21. d4 exd4 22. cxd4 dxe4 23. fxe4 Nxe4 24. Bxe4 Bh3+ 25.
Kg1 Rxe4 26. Qc3 Rae8 27. Bd2 Bxd4 28. Nxd4 Qxd4 29. Qxd4 Rxd4 30. Bc3 Rde4 31. Nf5 Bxf5 32. Rxf5 Ne7 33. Rf6 Re6 34. Rxe6 fxe6 35. Ra3 Nd5 36. Be5 Re7 37. Kf2 Rf7+ 38. Ke2 Kh7 39. g4 Kg6 40. Rb3 h5 41. h3 h4 42. Bh2 c5 43.
Rd3 Nf4+ 44. Bxf4 Rxf4 45. Rd6 Kf6 0-1

[Event "Late-Titled-Tuesday-Blitz-March-26-2024"]
[Site "Chess.com"]
[Date "2024.03.26"]
[Round "7"]
[White "Cluke86"]
[Black "IsaqueGoncalvesSanto"]
[Result "0-1"]
[WhiteElo "2318"]
[BlackElo "1906"]
[TimeControl "180+1"]
[EndTime "15:18:11 PDT"]
[Termination "IsaqueGoncalvesSanto won by checkmate"]

1. e4 e6 2. d4 d5 3. Nc3 Bb4 4.
Ne2 Nf6 5. e5 Nfd7 6. f4 O-O 7.
a3 Be7 8. b4 f6 9. Ng3 fxe5 10.
fxe5 Bh4 11. Bd3 g6 12. Ne2 a5 13. b5 c5 14. bxc6 bxc6 15. a4 c5 16. c3 Ba6 17.
Bh6 Rf7 18. Rf1 Qe8 19. Be3 cxd4 20. cxd4 Nc6 21. Rc1 Bxd3 22. Qxd3 Nb4 23. Qb5 Rb8 24.
Qxa5 Nd3+ 25. Kd2 Nxc1 26. Rxc1 Nf8 27. Nc3 Be7 28. Nb5 Nd7 29. Ne2 Qf8 30. Rc7 Bb4+ 31.
Qxb4 Qxb4+ 32. Nec3 Qb2+ 33. Kd3 Nf8 34. Rc6 Rf1 35.
g3 Qxh2 36. Nc7 Rb2 37. Nxe6 Nxe6 38. Rxe6 Qc2# 0-1

[Event "Late-Titled-Tuesday-Blitz-March-26-2024"]
[Site "Chess.com"]
[Date "2024.03.26"]
[Round "7"]
[White "TedBelanoff"]
[Black "emeli_chess"]
[Result "1-0"]
[WhiteElo "2240"]
[BlackElo "2421"]
[TimeControl "180+1"]
[EndTime "15:18:12 PDT"]
[Termination "TedBelanoff won on time"]

1. b4 d5 2. Bb2 Bg4 3. Nf3 Bxf3 4. exf3 Nd7 5. a3 e6 6. Bb5 c6 7. Ba4 a6 8. O-O Ndf6 9. Re1 Bd6 10. d3 Ne7 11. Bxf6 gxf6 12. Nd2 O-O 13. c4 Kh8 14. c5 Bc7 15. d4 Rg8 16. Bc2 f5 17. g3 f4 18. Nf1 Qf8 19. Qd3 Qh6 20. Re2 Rg7 21. Rae1 Rag8 22. Kg2 Nf5 23. Re5 Bxe5 24. Rxe5 Qh5 25.
g4 Rxg4+ 26. fxg4 Qxg4+ 27. Ng3 fxg3 28. hxg3 Rg7 29. Rxf5 Qxf5 30. Qxf5 exf5 31. Bxf5 f6 32. Kf3 Kg8 33. Kf4 Kf8 34. g4 h6 35. f3 Ke7 36.
Bd3 Rg5 37. Bf5 Rg8 38. Bh7 Re8 39. Bg6 Ra8 40. Kf5 a5 41. Bh5 axb4 42. axb4 Ra4 43. Kg6 Rxb4 44. f4 Rxd4 45. f5 Rd1 46. Kxh6 Rh1 47. Kg7 d4 48. g5 Rxh5 49. gxf6+ Kd7 50.
Kg6 Rh8 51. f7 d3 52. Kg7 Rd8 53. f6 d2 54. f8=Q Rxf8 55. Kxf8 d1=Q 56. f7 Qd5 57.
Kg8 b5 58. Kh8 1-0

[Event "Late-Titled-Tuesday-Blitz-March-26-2024"]
[Site "Chess.com"]
[Date "2024.03.26"]
[Round "7"]
[White "Iuckyducky"]
[Black "EternalNight8"]
[Result "0-1"]
[WhiteElo "2307"]
[BlackElo "2451"]
[TimeControl "180+1"]
[EndTime "15:18:12 PDT"]
[Termination "EternalNight8 won by resignation"]

1. e4 c5 2. Nf3 d6 3. c3 Nf6 4. Bd3 a6 5. h3 e6 6. O-O Be7 7. Bc2 c4 8. a4 Nc6 9. Na3 d5 10.
exd5 exd5 11. d3 cxd3 12. Qxd3 Be6 13. Re1 Qd7 14. Ng5 O-O-O 15. Bf4 Bd6 16. Qf3 h6 17. Nxe6 fxe6 18. Bxd6 Qxd6 19. Rxe6 Qc7 20. Rae1 Kb8 21. b4 Rhf8 22. Qe2 Rfe8 23. b5 Rxe6 24. Qxe6 Re8 25. Qxe8+ Nxe8 26. Rxe8+ Ka7 27. bxc6 Qxc6 28. Re3 Qc5 29. Nb1 d4 30. Rd3 dxc3 31. Rxc3 Qb4 32. Kh2 Qd6+ 33. g3 b5 34. axb5 axb5 35. Ra3+ Kb6 36.
Bd3 Qc5 37. Kg2 b4 38. Rb3 Qd5+ 0-1

[Event "Late-Titled-Tuesday-Blitz-March-26-2024"]
[Site "Chess.com"]
[Date "2024.03.26"]
[Round "7"]
[White "kai_nov"]
[Black "yujiarun18"]
[Result "1-0"]
[WhiteElo "2339"]
[BlackElo "2123"]
[TimeControl "180+1"]
[EndTime "15:18:13 PDT"]
[Termination "kai_nov won by resignation"]

1. d4 d5 2. c4 e6 3. Nc3 Nf6 4. cxd5 Nxd5 5. e4 Nxc3 6. bxc3 c5 7. a3 cxd4 8. cxd4 e5 9. Nf3 exd4 10. Qxd4 Qxd4 11.
Nxd4 Be7 12. Be3 O-O 13. Bc4 Nd7 14. Ke2 Nb6 15. Bb3 Bd7 16. Nf5 Bf6 17. Rab1 Bxf5 18. exf5 Rfe8 19. Rhc1 Be5 20. Kf3 Nd7 21. Bd5 Bd6 22.
Rxb7 Ne5+ 23. Ke2 Rad8 24. Rxa7 Ng4 25. Bxf7+ Kf8 26. Bxe8 Rxe8 27. h3 Nxe3 28. fxe3 Bf4 29. Rc3 Be5 30. Rd3 Bf6 31. Kf3 h6 32. g4 Kg8 33. a4 Be5 34. a5 Rc8 35. a6 Rc5 36. Ra3 Bb2 37. Ra2 Be5 38. Rb7 Rc8 39. a7 Ra8 40.
Ra5 Bh2 41. Rab5 Kh7 42. Rd5 Kh8 43. Kg2 1-0

[Event "Late-Titled-Tuesday-Blitz-March-26-2024"]
[Site "Chess.com"]
[Date "2024.03.26"]
[Round "7"]
[White "tarno17"]
[Black "deepfear"]
[Result "0-1"]
[WhiteElo "2183"]
[BlackElo "1978"]
[TimeControl "180+1"]
[EndTime "15:18:14 PDT"]
[Termination "deepfear won by checkmate"]

1. e4 c5 2. Nf3 g6 3. g3 Bg7 4.
Bg2 Nc6 5. O-O d6 6. d3 Nf6 7. Nc3 O-O 8. Ne2 Bd7 9. Be3 Qc8 10. Qd2 Ng4 11. c3 Nxe3 12. fxe3 Bh3 13. Rf2 Bh6 14. Raf1 Bxg2 15. Kxg2 e6 16. Nf4 Qd7 17. h3 b5 18.
Nh2 f5 19. exf5 gxf5 20. Qe2 Ne5 21. Qh5 Bxf4 22. gxf4 Nxd3 23. Rf3 Qc6 24. Kg1 Kh8 25. Rg3 Rg8 26. Rf3 Ne1 27. Kf2 Nxf3 28. Rxf3 Rg6 29.
Nf1 Rag8 30. Ng3 Qd5 31. Qh4 Qd2+ 32. Kf1 Qh2 33. c4 Rxg3 34. Rxg3 Qxg3 35. Qf6+ Qg7 36. Qxe6 Qg1+ 37. Ke2 Rg2+ 38. Kd3 Qd1+ 39. Kc3 Qc2# 0-1

[Event "Late-Titled-Tuesday-Blitz-March-26-2024"]
[Site "Chess.com"]
[Date "2024.03.26"]
[Round "7"]
[White "ImportedItalianMaple"]
[Black "jstopa4"]
[Result "0-1"]
[WhiteElo "2517"]
[BlackElo "2734"]
[TimeControl "180+1"]
[EndTime "15:18:15 PDT"]
[Termination "jstopa4 won on time"]

1. Nf3 Nf6 2. g3 d5 3. Bg2 c6 4. O-O g6 5. d4 Bg7 6. a4 a5 7. c4 O-O 8. cxd5 Nxd5 9. e4 Nb4 10.
h3 b6 11. Re1 Ba6 12. Bf1 Bxf1 13. Kxf1 Qd7 14. Kg2 Rd8 15. Be3 N8a6 16. Na3 Rab8 17.
Qd2 Nc7 18. Nc4 Ne6 19. Rad1 c5 20. dxc5 Qxa4 21. Nxb6 Qa2 22. Nd5 Nxd5 23. exd5 Rxb2 24. Qd3 Nc7 25. d6 exd6 26. cxd6 Ne6 27. d7 a4 28. Qd6 Bf8 29. Qa6 a3 30. Bb6 Bc5 31. Bxc5 Nxc5 32. Re8+ Kg7 33. Qf1 Rxd7 34. Rxd7 Nxd7 35.
Re7 Qd5 36. Qe1 Rb3 37. Qe2 a2 0-1

[Event "Late-Titled-Tuesday-Blitz-March-26-2024"]
[Site "Chess.com"]
[Date "2024.03.26"]
[Round "7"]
[White "rezamahdavi2008"]
[Black "Polish_fighter3000"]
[Result "0-1"]
[WhiteElo "2874"]
[BlackElo "3123"]
[TimeControl "180+1"]
[EndTime "15:18:16 PDT"]
[Termination "Polish_fighter3000 won by resignation"]

1. e4 e5 2. Nf3 Nc6 3. Nc3 Nf6 4. d4 exd4 5. Nxd4 Bb4 6. Nxc6 bxc6 7. Bd3 O-O 8. O-O Re8 9. Bg5 h6 10. Bh4 g5 11. Bg3 Bxc3 12. bxc3 Nxe4 13. Qh5 d6 14. Rae1 Bf5 15. Qxh6 Re6 16. Qh5 Bg6 17. Qg4 f5 18. Qf3 d5 19. h3 Qf6 20. Re2 Qf7 21. Bh2 f4 22. h4 Rf8 23. g4 gxh4 24. Kh1 Ng5 25.
Rxe6 Qxe6 26. Qd1 Bxd3 27. cxd3 f3 28. Re1 Qd7 29. Qd2 Nh3 30. Qh6 Nxf2+ 31. Kg1 Nh3+ 32. Kf1 Qxg4 33. Qe6+ Qxe6 34. Rxe6 c5 35. Bxc7 Kf7 36.
Rh6 Rg8 37. Bh2 Rg2 0-1